Map: Neon Violet Square LE

Players

Juxtapose - Winner!

  • Race: Protoss Protoss
  • League: Platinum
  • Spawn Location: 11:00

A.I. 1 (Hard)

  • Race: Zerg Zerg
  • Spawn Location: 5:00

VOD

https://youtu.be/rvk6W5Gaiyc

Description

I haven't played much StarCraft II over the last few months, mostly casual games with my father, so I've decided to get back into it with a little Versus AI.

That bug introduced a while ago that prevents proper advancement against the AI is still present, so I'm stuck at "Hard" difficulty for now, which means I should be getting easy wins for a while.

Time

  • Played on: April 14, 2018, 3:53 p.m.
  • Length: 8:26
Show
View Real Time Build Order
Export as new Build Order

Juxtapose Protoss - Winner!

Build Orders:  

Get SALT Encoding   

  12  0:01  Probe  
  13  0:13  Probe  
  14  0:20  Pylon  
  14  0:25  Probe  
  15  0:38  Probe  
  15  0:41  Gateway  
  16  0:50  Probe  
  16  0:54  Assimilator  
  17  1:02  Probe  
  18  1:05  Pylon  
  18  1:14  Assimilator, Probe  
  19  1:26  Probe  
  19  1:28  Zealot  
  22  1:38  Cybernetics Core, Probe  
  23  1:48  Pylon  
  23  1:50  Probe  
  24  2:02  Probe  
  25  2:13  Warp Gate (Chrono Boost)  
  25  2:14  Probe  
  26  2:31  Nexus  
  26  2:33  Probe  
  27  2:45  Probe  
  27  2:54  Gateway  
  27  2:57  Shield Battery  
  27  3:16  Robotics Facility  
  27  3:19  Zealot (Chrono Boost)  
  29  3:43  Zealot  
  29  3:45  Zealot  
  33  3:56  Twilight Council  
  33  4:01  Pylon  
  33  4:03  Immortal  
  37  4:12  Gateway  
  37  4:15  Pylon  
  37  4:38  Nexus  
  37  4:40  Immortal (Chrono Boost)  
  41  4:51  Stalker x2  
  45  5:05  Pylon  
  45  5:09  Immortal (Chrono Boost)  
  45  5:14  Charge (Chrono Boost)  
  49  5:22  Probe  
  50  5:31  Pylon  
  50  5:34  Probe  
  51  5:38  Stalker  
  53  5:53  Probe x2  
  55  6:05  Probe x2  
  55  6:06  Pylon  
  55  6:09  Zealot, Stalker  
  61  6:21  Probe x2  
  63  6:26  Forge  
  63  6:33  Probe x2  
  65  6:45  Probe  
  65  6:46  Probe  
  59  6:47  Stalker x2  
  59  6:48  Stalker  
  63  7:12  Zealot  
  63  7:13  Zealot x2  
  63  7:15  Probe x2  
  71  7:18  Assimilator  
  69  7:23  Assimilator  
  69  7:26  Photon Cannon  
  69  7:27  Probe x2  
  71  7:39  Immortal  
  75  8:11  Zealot x3, Nexus  
Show
View Real Time Build Order
Export as new Build Order

A.I. 1 (Hard) Zerg 

Build Orders: Pool Only 

Get SALT Encoding   

  12  0:00  Drone  
  13  0:12  Overlord  
  13  0:18  Drone  
  14  0:31  Drone  
  14  0:32  Drone  
  16  0:42  Spawning Pool  
  16  0:45  Drone  
  16  0:49  Drone  
  17  0:52  Extractor  
  17  0:56  Drone  
  17  1:06  Overlord  
  17  1:30  Queen  
  17  1:31  Zergling x2  
  20  1:36  Roach Warren  
  20  1:38  Drone  
  20  1:41  Extractor  
  20  1:43  Zergling x2  
  20  1:49  Drone  
  21  2:00  Drone  
  22  2:18  Roach  
  24  2:23  Overlord  
  24  2:32  Roach  
  26  2:41  Drone  
  26  2:44  Roach  
  29  2:45  Overlord  
  29  2:55  Roach  
  31  2:59  Drone  
  32  3:08  Roach  
  32  3:11  Overlord  
  34  3:19  Roach  
  36  3:31  Roach  
  38  3:36  Overlord  
  38  3:42  Roach  
  38  3:45  Drone  
  41  3:48  Drone  
  41  3:52  Drone  
  41  3:54  Roach  
  45  4:00  Drone  
  46  4:09  Baneling Nest  
  45  4:11  Roach  
  45  4:12  Drone  
  45  4:13  Drone  
  49  4:21  Evolution Chamber  
  49  4:22  Drone  
  49  4:33  Roach  
  51  4:43  Drone  
  51  4:44  Roach  
  54  6:30  Overlord, Lair  
  54  6:32  Evolution Chamber  
  53  6:33  Spore Crawler  
  53  6:35  Drone, Spore Crawler  
  52  6:42  Zergling x2  
  39  6:51  Roach  
  29  7:00  Drone, Roach  
  31  7:04  Zergling x2  
  31  7:07  Zergling x2  
  30  7:11  Zergling x2  
  30  7:15  Zergling x2  
  31  7:18  Zergling x2  
  31  7:22  Zergling x2  
  30  7:24  Evolution Chamber  
  30  7:25  Drone  
  30  7:28  Zergling x2, Overseer  
  30  7:29  Overseer  
  27  7:32  Zergling x2  
  27  7:35  Zergling x2  
  25  7:40  Drone, Zergling x2  
  25  7:42  Spire  
  23  7:46  Zergling x2  
  23  7:57  Zergling x2  
  22  8:00  Extractor  
Tags
 
Add a new tag
Caveats
  • Supply blocks, unpowered buildings, or Contaminate may cause inaccurate times.
  • Supply counts are checked every 10 seconds.